AoeStats
← gokhandg100

Arena

510306138Analyzed
2v2 RM · 1d ago on Sep 30, 2026· 66m 19s· 4 players
Game mode
Random Map
Map size
Medium (4 player)
Population
200
Speed
Normal
Resources
Standard
Victory
Conquest
Starting age
Dark Age
Ending age
Imperial Age
RankedLock teamsTeams togetherTeam positionsShared explorationLock speedFull tech treeHidden civsTurbo modeCheats
Victory
Defeat
🇷🇺 Goths · Russia
654
+12
🇹🇷 Magyars · Türkiye
564
+15
🇨🇳 Khmer · China
612
-16
🇧🇷 Spanish · Brazil
489
-11
gokhandg100
14:59 Feudal Age
20:56 Scale Barding Armor
23:18 Castle Age
21:09 Horse Collar
21:16 Double-Bit Axe
26:48 Heavy Plow
27:45 Chain Barding Armor
30:22 Bow Saw
30:54 Wheelbarrow
30:15 Elite Skirmisher
37:19 Imperial Age
35:08 Hand Cart
35:34 Gold Mining
35:34 Stone Mining
37:35 Elite Magyar Huszar
40:04 Town Watch
40:22 Padded Archer Armor
40:12 Fletching
40:47 Corvinian Army
42:20 Two-Man Saw
42:00 Plate Barding Armor
43:33 Parthian Tactics
43:13 Thumb Ring
42:29 Crossbowman
44:59 Leather Archer Armor
44:41 Bodkin Arrow
49:02 Hoardings
49:05 Ring Archer Armor
48:36 Bracer
57:47 Recurve Bow
Лок’тар огар!
11:47 Feudal Age
12:41 Double-Bit Axe
18:16 Castle Age
16:09 Horse Collar
17:55 Gold Mining
17:57 Stone Mining
18:24 Scale Mail Armor
20:28 Bow Saw
20:20 Heavy Plow
21:01 Stone Shaft Mining
22:43 Wheelbarrow
26:53 Hand Cart
27:48 Town Watch
30:34 Forging
31:45 Town Patrol
34:16 Imperial Age
31:37 Loom
32:31 Iron Casting
32:30 Anarchy
33:51 Chain Mail Armor
33:02 Pikeman
34:52 Halberdier
35:37 Squires
35:13 Heavy Scorpion
35:40 Elite Huskarl
38:18 Blast Furnace
37:53 Crop Rotation
38:24 Two-Man Saw
40:21 Ballistics
42:01 Chemistry
52:33 Perfusion
Morcego OTCHÓÓÓ
1:26 Loom
12:50 Feudal Age
13:43 Town Watch
13:52 Double-Bit Axe
16:08 Man-at-Arms
17:35 Wheelbarrow
16:45 Horse Collar
17:04 Stone Mining
19:57 Bloodlines
25:47 Castle Age
27:16 Husbandry
26:37 Light Cavalry
27:22 Heavy Plow
27:42 Bow Saw
29:08 Gold Mining
29:54 Stone Shaft Mining
31:24 Thumb Ring
30:40 Elite Skirmisher
34:00 Hand Cart
37:48 Town Patrol
37:56 Squires
37:42 Gambesons
37:17 Long Swordsman
37:18 Pikeman
37:23 Elite Skirmisher
38:23 Inquisition
41:24 Imperial Age
42:28 Cavalier
42:29 Hussar
43:37 Supremacy
42:48 Sappers
43:38 Conscription
43:54 Hoardings
44:47 Elite Conquistador
47:34 Forging
48:41 Two-Handed Swordsman
51:21 Coinage
50:52 Caravan
50:51 Paladin
59:20 Two-Man Saw
61:55 Banking
81821153
13:13 Feudal Age
18:37 Castle Age
17:39 Double-Bit Axe
17:41 Horse Collar
20:37 Bow Saw
23:57 Gold Mining
27:25 Heavy Plow
28:04 Gold Shaft Mining
32:27 Imperial Age
30:37 Wheelbarrow
29:50 Town Watch
30:34 Husbandry
32:04 Hand Cart
31:35 Loom
32:46 Pikeman
34:07 Forging
34:03 Scale Barding Armor
33:39 Heavy Scorpion
34:36 Stone Mining
35:51 Double Crossbow
36:47 Conscription
37:14 Chain Barding Armor
37:30 Iron Casting
37:58 Capped Ram
39:48 Tusk Swords
40:28 Hoardings
40:05 Town Patrol
40:44 Crop Rotation
40:55 Stone Shaft Mining
41:19 Plate Barding Armor
41:20 Iron Casting
40:46 Scale Mail Armor
40:38 Fletching
43:54 Bloodlines
43:44 Elite Ballista Elephant
44:55 Siege Ram
47:15 Halberdier
47:54 Light Cavalry
55:03 Elite Battle Elephant
Connection lost

Rejoining the realm…

Still unreachable

The connection could not be restored.

Session expired

The server has moved on; the page needs a fresh start.